 Dungeon Crawl Stone Soup version 0.26-b1-32-g5d43845318 (webtiles) character file.

Game seed: 7759549559647317847

13739 sentinel the Cleaver (level 11, -3/80 HPs)
             Began as a Demonspawn Conjurer on Jan 10, 2021.
             Was an Initiate of Gozag.
             Slain by a komodo dragon (16 damage)
             ... on level 1 of the Lair of Beasts.
             The game lasted 00:25:22 (13098 turns).

sentinel the Cleaver (Demonspawn Conjurer)         Turns: 13098, Time: 00:25:22

Health: -3/80      AC: 20    Str:  9    XL:     11   Next: 79%
Magic:  14/14      EV:  7    Int: 22    God:    Gozag
Gold:   365        SH: 10    Dex: 13    Spells: 11/14 levels left

rFire    . . .     SeeInvis .   N - +1 war axe (freeze)
rCold    + . .     Faith    .   d - +0 kite shield
rNeg     . . .     Spirit   .   K - +3 chain mail {rC+}
rPois    .         Reflect  .   (no helmet)
rElec    .         Harm     .   (no cloak)
rCorr    .         Rampage  .   (no gloves)
Will     .....                  O - +0 pair of boots
Stlth    ..........             (no amulet)
HPRegen  0.23/turn              p - +4 ring of protection
MPRegen  0.14/turn              v - +4 ring of evasion

@: no status effects
A: talons 2, molten scales 2, powered by death 2, strong 1, evolution 1, no
potion heal 1
a: Renounce Religion, Potion Petition, Call Merchant, Bribe Branch


You were on level 1 of the Lair of Beasts.
You worshipped Gozag.
Gozag was aware of your devotion.
You visited 2 branches of the dungeon, and saw 12 of its levels.

You collected 2013 gold pieces.
You paid 1648 gold pieces to Gozag.

Inventory:

Hand Weapons
 g - a +0 dagger
 h - a +3 short sword of draining
 H - a +1 vorpal flail
 N - a +1 war axe of freezing (weapon)
Missiles
 S - 2 throwing nets
Armour
 a - the +0 kite shield "Aguasid" {rN+++ Will++ MP+9 Str-2}
   (You found it on level 8 of the Dungeon)

   It affects your strength (-2).
   It renders you almost immune to negative energy.
   It affects your willpower, your defense against some magical effects.
   It affects your magic capacity (+9).
 d - a +0 kite shield (worn)
 j - a +1 helmet
 K - a +3 chain mail of cold resistance (worn)
 L - a +1 chain mail of cold resistance
 O - a +0 pair of boots (worn)
 Q - a +0 chain mail of fire resistance
Jewellery
 n - an uncursed amulet of faith
 p - a +4 ring of protection (left hand)
 v - a +4 ring of evasion (right hand)
 J - an uncursed ring of fire
 R - an uncursed ring of willpower {unknown}
 T - an uncursed ring of protection from cold {unknown}
Wands
 w - a wand of polymorph (3)
 D - a wand of digging (6)
 V - a wand of flame (5)
Scrolls
 c - 5 scrolls of amnesia
 f - 3 scrolls of enchant armour
 k - 3 scrolls of immolation
 r - 4 scrolls of identify
 s - a scroll of enchant weapon
 t - 7 scrolls of teleportation
 u - 6 scrolls of magic mapping
 x - 3 scrolls of remove curse
 y - a scroll of fear
 z - a scroll of summoning {unknown}
 A - a scroll of random uselessness {unknown}
 C - 2 scrolls of fog {unknown}
 E - a scroll of vulnerability {unknown}
 F - 2 scrolls of blinking {unknown}
 P - a scroll of noise {unknown}
Potions
 b - 3 potions of flight
 e - a potion of degeneration
 i - a potion of attraction {unknown}
 o - a potion of cancellation
 B - a potion of lignification {unknown}


   Skills:
 - Level 5.2 Fighting
 + Level 11.8 Axes
 - Level 3.4 Armour
 - Level 1.7 Dodging
 - Level 1.7 Stealth
 - Level 9.8 Shields
 - Level 2.0 Spellcasting
 - Level 4.0 Conjurations
 - Level 6.0 Evocations


You had 11 spell levels left.
You knew the following spells:

 Your Spells              Type           Power        Failure   Level
a - Magic Dart            Conj           76%          99%         1
b - Searing Ray           Conj           38%          100%        2

Your spell library contained the following spells:

 Spells                   Type           Power        Failure   Level
 Corona                   Hex            2%           100%        1
 Blink                    Tloc           N/A          100%        2
 Slow                     Hex            2%           100%        2
 Dazzling Flash           Conj/Hex       22%          100%        3
 Gell's Gravitas          Tloc           1%           100%        3
 Inner Flame              Hex/Fire       2%           100%        3
 Lesser Beckoning         Tloc           1%           100%        3
 Portal Projectile        Hex/Tloc       4%           100%        3
 Teleport Other           Tloc           2%           100%        3
 Cause Fear               Hex            1%           100%        4
 Fulminant Prism          Conj/Hex       5%           100%        4
 Iskenderun's Mystic Bla  Conj/Tloc      11%          100%        4
 Leda's Liquefaction      Hex/Erth       1%           100%        4
 Passage of Golubria      Tloc           N/A          100%        4


Dungeon Overview and Level Annotations

Branches:
Dungeon (11/15)            Temple (0/1) D:7            Lair (1/6) D:10
    Orc: D:9-12

Altars:
Ashenzari
Elyvilon
Gozag
Hepliaklqana
Nemelex Xobeh
Okawaru
Vehumet
Wu Jian
Xom
Yredelemnul
Zin

Shops:
D:8 =

Annotations:
D:3 2 transporters, Sigmund
D:8 Gastronok


Innate Abilities, Weirdness & Mutations

You have razor-sharp toenails.
You are mostly covered in molten scales. (AC +3)
You regenerate health from kills.
Your muscles are strong. (Str +2)
You evolve.
Potions are less effective at restoring your health.


Message History

You start waiting.
You feel your anger nearly subside.
You are no longer berserk.
You are exhausted.
You feel yourself slow down.
You start waiting.
You feel yourself speed up.
You start waiting.
You recover from your berserk rage.
You now have 330 gold pieces (gained 7).
M - 2 potions of mutation (gained 1)
You see here a plate armour.
You see here 20 stones.
You enter the shallow water.
Moving in this stuff is going to be slow.
You enter the shallow water.
Moving in this stuff is going to be slow.
You enter the shallow water.
Moving in this stuff is going to be slow.
You see here a leather armour.
You see here a leather armour.
You see here 6 javelins.
You enter the shallow water.
Moving in this stuff is going to be slow.
Found a hunting sling.
You now have 351 gold pieces (gained 21).
Found 25 stones.
Really quaff the potion of mutation?
You feel extremely strange.
Your magical essence no longer links to wands of the dungeon.
Your urge to shout disappears.
You feel a little more calm.
You feel insulated.
You feel a little pissed off.
Your system partially rejects the healing effects of potions.
You feel nature experimenting on you.
Don't worry, failures die fast.
Really quaff the potion of mutation?
You feel extremely strange.
You feel a little more calm. The horns on your head shrink away.
You feel conductive.
You feel stronger.
You now have 365 gold pieces (gained 14).
A komodo dragon comes into view.
The komodo dragon hisses angrily.
You see here 19 gold pieces.
But you're not safe! But you're not safe! But you're not safe!
A komodo dragon comes into view.
The komodo dragon hisses angrily.
You hear a croak.
A cane toad comes into view.
A bullfrog comes into view.
Found 3 scrolls labelled SESOEWKIUTT.
You see here 19 gold pieces.
You hit the komodo dragon.
The komodo dragon seems to slow down.
You freeze the komodo dragon.
The komodo dragon hisses menacingly.
You slash the komodo dragon!
The komodo dragon seems to slow down.
You freeze the komodo dragon. The komodo dragon barely misses you.
Aim: a komodo dragon (16% to evade)
You miscast Searing Ray.
You are very lightly contaminated with residual magic.
The air around you crackles with energy!
You block the komodo dragon's attack. You block the komodo dragon's attack.
Aim: a bullfrog (28% to evade)
You miscast Searing Ray.
A wave of violent energy washes through your body!!
The komodo dragon bites you!
The komodo dragon is no longer moving slowly.
You hit the komodo dragon but do no damage.
You block the komodo dragon's attack.
You completely miss the komodo dragon. You hit the komodo dragon.
The komodo dragon seems to slow down.
You freeze the komodo dragon. You hit the bullfrog. You freeze the bullfrog.
The bullfrog hits you but does no damage.
The komodo dragon bites you but does no damage.
You barely miss the komodo dragon.
Your chain mail prevents you from hitting the bullfrog.
The bullfrog hits you but does no damage.
The bullfrog barely misses you. You block the komodo dragon's attack.
You hit the komodo dragon. You freeze the komodo dragon.
You slash the bullfrog!
The bullfrog seems to slow down.
You freeze the bullfrog.
The komodo dragon is no longer moving slowly.
The bullfrog hits you but does no damage.
You block the komodo dragon's attack.
You hit the komodo dragon. You freeze the komodo dragon.
You closely miss the bullfrog.
The bullfrog hits you but does no damage.
The komodo dragon bites you!!
You are too injured to fight recklessly!
You completely miss the komodo dragon. You barely miss the bullfrog.
The bullfrog is no longer moving slowly.
The bullfrog barely misses you. The komodo dragon barely misses you.
The bullfrog barely misses you.
The bullfrog hits you but does no damage.
The bullfrog swells and bulges.
The bullfrog completely misses you. The bullfrog barely misses you.
The komodo dragon hisses menacingly.
The bullfrog hits you but does no damage.
Okay, then.
The bullfrog hits you but does no damage.
The komodo dragon hisses menacingly.
The bullfrog hits you but does no damage.
Okay, then.
Your system partially rejects the healing.
You feel better. The bullfrog closely misses you. The bullfrog hits you.
You are too injured to fight recklessly!
You are too injured to fight recklessly!
You are too injured to fight recklessly!
Okay, then.
You hit the bullfrog.
The bullfrog seems to slow down.
You freeze the bullfrog. You block the bullfrog's attack.
The komodo dragon hisses menacingly.
Your magical contamination has completely faded away.
You closely miss the bullfrog. You closely miss the bullfrog.
The bullfrog is no longer moving slowly.
The bullfrog barely misses you.
You slash the bullfrog! You freeze the bullfrog.
You kill the bullfrog!
You hit the komodo dragon but do no damage.
A cane toad comes into view.
The komodo dragon bites you!
The komodo dragon hisses menacingly.
The komodo dragon bites you!!
* * * LOW HITPOINT WARNING * * *
HP warning!
HP warning!
HP warning!
HP warning!
HP warning!
HP warning!
HP warning!
HP warning!
HP warning!
HP warning!
HP warning!
HP warning!
HP warning!
HP warning!
HP warning!
HP warning!
HP warning!
HP warning!
HP warning!
HP warning!
HP warning!
HP warning!
The komodo dragon hisses menacingly.
The komodo dragon bites you!
You die...
Your body crumbles into a pile of gold.

##.#.##.# .. #..#..#.###
.8 .###..#...#.## #.
.###....#.#... ..
#..##...##.####
##.###..# #......#...
....... ##...##.#..#
..#..# #..#....#.##
#.#@.# ##.#..#.#..#
#.##l## #....#.#.##
#.##.P# ##......#.##
#..#..###.......#.#
##<##l.##.######.#.#
#..##..##.#......#.##
#####.##...#.#.######.##
....#.[#.....#.#....#.#.
#.#........##.#.#......


You could see 2 komodo dragons.

Vanquished Creatures
  A hydra (D:11)
  A boulder beetle (D:11)
  2 alligators (D:11)
  2 ugly things (D:11)
  A black mamba (Lair:1)
  2 manticores (D:11)
  Maggie (D:7)
  A troll (D:10)
  A spriggan (D:11)
  2 wyverns
  A wraith (D:10)
  2 basilisks (D:11)
  11 yaks
  A vampire mosquito (D:11)
  3 water moccasins
  2 sky beasts
  10 orc warriors
  3 ice beasts
  A phantom (D:6)
  2 ogres
  5 wolves (D:10)
  6 centaurs
  5 bullfrogs
  A water moccasin zombie (D:9)
  2 scorpions
  17 killer bees
  4 howler monkeys
  7 wights
  2 electric eels (D:10)
  A jelly (D:10)
  A quasit (D:10)
  4 bullfrog skeletons
  4 centaur skeletons
  5 hounds
  4 orc priests
  Jessica (D:3)
  5 iguanas
  9 orc wizards
  3 worker ants
  A killer bee zombie (D:6)
  A hound zombie (D:7)
  2 worker ant zombies
  9 adders
  2 white imps
  An ufetubus (D:6)
  An adder skeleton (D:5)
  5 worms
  3 dart slugs
  11 leopard geckos
  30 orcs
  2 giant cockroaches
  10 goblins
  8 hobgoblins
  19 jackals
  3 quokkas
  A ball python (D:6)
  5 bats
  6 frilled lizards
  A giant cockroach zombie (D:5)
  6 kobolds
  A leopard gecko skeleton (D:6)
  2 quokka skeletons (D:5)
  7 rats
273 creatures vanquished.

Vanquished Creatures (others)
  An orc wizard (D:10)
  3 fungi (Lair:1)
4 creatures vanquished.

Grand Total: 277 creatures vanquished

Notes
Turn   | Place    | Note
-------+----------+-------------------------------------------
     0 | D:1      | sentinel the Demonspawn Conjurer began the quest for the
                  | Orb.
     0 | D:1      | Reached XP level 1. HP: 13/13 MP: 3/3
   107 | D:1      | Reached skill level 1 in Fighting
   248 | D:1      | Gained mutation: You have sharp toenails. [demonic
                  | ancestry]
   248 | D:1      | Reached XP level 2. HP: 22/22 MP: 0/5
   675 | D:1      | Learned a level 2 spell: Searing Ray
   785 | D:1      | Reached XP level 3. HP: 28/28 MP: 3/6
  1125 | D:2      | Found an iron altar of Okawaru.
  1995 | D:3      | Found a transporter.
  2025 | D:3      | Noticed Sigmund
  2179 | D:4      | Gained mutation: You have razor-sharp toenails. [demonic
                  | ancestry]
  2179 | D:4      | Reached XP level 4. HP: 35/37 MP: 1/7
  3017 | D:4      | Found a shimmering altar of Xom.
  3116 | D:4      | Gained mutation: You regenerate a little health from kills.
                  | [demonic ancestry]
  3116 | D:4      | Reached XP level 5. HP: 11/43 MP: 8/8
  3368 | D:3      | Noticed Jessica
  3387 | D:3      | Killed Jessica
  3388 | D:3      | Reached skill level 5 in Fighting
  3731 | D:3      | Found a transporter.
  3835 | D:3      | Found a basalt altar of Yredelemnul.
  3957 | D:5      | Entered Level 5 of the Dungeon
  4037 | D:5      | Noticed a phantom
  4181 | D:5      | Noticed a centaur
  4195 | D:5      | Killed a centaur
  4196 | D:5      | Gained mutation: You regenerate health from kills. [demonic
                  | ancestry]
  4196 | D:5      | Reached XP level 6. HP: 14/51 MP: 7/9
  4661 | D:5      | You fall into a shaft and drop 2 floors!
  4862 | D:7      | Noticed an ice beast
  4887 | D:6      | Reached skill level 1 in Shields
  5042 | D:6      | Noticed an ice beast
  5148 | D:6      | Killed an ice beast
  5149 | D:6      | Gained mutation: You are partially covered in molten
                  | scales. (AC +2) [demonic ancestry]
  5149 | D:6      | Reached XP level 7. HP: 21/56 MP: 1/10
  5490 | D:6      | Found a sparkling altar of Nemelex Xobeh.
  5624 | D:6      | Reached skill level 5 in Shields
  5798 | D:6      | Found an opulent altar of Gozag.
  5810 | D:6      | Became a worshipper of Gozag Ym Sagoz the Greedy
  5963 | D:6      | Reached XP level 8. HP: 62/62 MP: 5/11
  6018 | D:6      | Found a glowing silver altar of Zin.
  6348 | D:6      | Found a broken altar of Ashenzari.
  6618 | D:5      | Found an ornate altar of the Wu Jian Council.
  6627 | D:5      | Found a white marble altar of Elyvilon.
  6976 | D:5      | Found a radiant altar of Vehumet.
  7219 | D:7      | Reached XP level 9. HP: 66/68 MP: 8/12
  7277 | D:7      | Noticed Maggie
  7777 | D:7      | Found a staircase to the Ecumenical Temple.
  7826 | D:7      | Killed Maggie
  7954 | D:6      | Noticed a rust devil
  7954 | D:6      | Noticed a rust devil
  8034 | D:8      | Reached skill level 1 in Evocations
  8105 | D:8      | Found Zamin's Jewellery Emporium.
  8118 | D:8      | Noticed Gastronok
  8528 | D:8      | Got a twisted kite shield
  8539 | D:8      | Identified the +0 kite shield "Aguasid" {rN+++ Will++ MP+9
                  | Str-2} (You found it on level 8 of the Dungeon)
  8714 | D:9      | Reached skill level 5 in Evocations
  9055 | D:9      | Found a hazy altar of Hepliaklqana.
  9240 | D:10     | Entered Level 10 of the Dungeon
  9267 | D:10     | Reached skill level 1 in Axes
  9393 | D:10     | Reached skill level 2 in Axes
  9400 | D:10     | Reached XP level 10. HP: 73/74 MP: 13/13
  9542 | D:10     | Reached skill level 3 in Axes
  9566 | D:10     | Reached skill level 4 in Axes
  9682 | D:10     | Found a staircase to the Lair.
  9697 | D:10     | Reached skill level 5 in Axes
  9795 | D:10     | Reached skill level 6 in Axes
 10232 | D:10     | Reached skill level 7 in Axes
 10462 | D:11     | Noticed a four-headed hydra
 10470 | D:11     | Killed a four-headed hydra
 10470 | D:11     | Noticed Snorg
 10471 | D:11     | Reached skill level 8 in Axes
 10471 | D:11     | Noticed Snorg
 10471 | D:11     | Snorg changed into Snorg the spriggan
 10480 | D:11     | Killed Snorg the spriggan
 10496 | D:11     | Noticed a boulder beetle
 10724 | D:11     | Killed a boulder beetle
 10725 | D:11     | Reached skill level 9 in Axes
 10725 | D:11     | Gained mutation: You are mostly covered in molten scales.
                  | (AC +3) [demonic ancestry]
 10725 | D:11     | Reached XP level 11. HP: 47/80 MP: 14/14
 11298 | D:11     | Noticed a brown ugly thing
 11306 | D:11     | Killed a brown ugly thing
 11482 | D:11     | Noticed an alligator
 11484 | D:11     | Noticed an alligator
 11502 | D:11     | Killed an alligator
 11503 | D:11     | Reached skill level 10 in Axes
 11511 | D:11     | Killed an alligator
 11692 | D:11     | Noticed a green ugly thing
 11708 | D:11     | Killed a green ugly thing
 11927 | D:11     | Reached skill level 11 in Axes
 12182 | D:11     | Noticed an orc knight
 12183 | D:11     | Noticed a harpy
 12184 | D:11     | Noticed a centaur warrior
 12187 | D:11     | a harpy changed into a meliai
 12298 | Lair:1   | Entered Level 1 of the Lair of Beasts
 12682 | Lair:1   | Gained mutation: You have a pair of small horns on your
                  | head. [potion of mutation]
 12682 | Lair:1   | Gained mutation: You tend to lose your temper in combat.
                  | [potion of mutation]
 12682 | Lair:1   | Gained mutation: You occasionally shout uncontrollably at
                  | your foes. [potion of mutation]
 12682 | Lair:1   | Gained mutation: You expend magic power (3 MP) to
                  | strengthen your wands. [potion of mutation]
 12958 | Lair:1   | Lost mutation: You expend magic power (3 MP) to strengthen
                  | your wands. [potion of mutation]
 12958 | Lair:1   | Lost mutation: You occasionally shout uncontrollably at
                  | your foes. [potion of mutation]
 12958 | Lair:1   | Lost mutation: You tend to lose your temper in combat.
                  | [potion of mutation]
 12958 | Lair:1   | Gained mutation: You are resistant to electric shocks.
                  | (rElec) [potion of mutation]
 12958 | Lair:1   | Gained mutation: You tend to lose your temper in combat.
                  | [potion of mutation]
 12958 | Lair:1   | Gained mutation: Potions are less effective at restoring
                  | your health. [potion of mutation]
 12958 | Lair:1   | Gained mutation: You evolve. [potion of mutation]
 12959 | Lair:1   | Lost mutation: You tend to lose your temper in combat.
                  | [potion of mutation]
 12959 | Lair:1   | Lost mutation: You have a pair of small horns on your head.
                  | [potion of mutation]
 12959 | Lair:1   | Lost mutation: You are resistant to electric shocks.
                  | (rElec) [potion of mutation]
 12959 | Lair:1   | Gained mutation: Your muscles are strong. (Str +2) [potion
                  | of mutation]
 13098 | Lair:1   | Slain by a komodo dragon

Illustrated notes

Levels and vault maps discovered:
D:1:      dpeg_arrival_shelter, layout_loops_ring, minmay_pentomino_x4
D:2:      layout_loops_cross, okawaru_metal_pillars_1_2, roderic_roman_lattice
D:3:      gammafunk_steamed_eel, layout_rooms, yredelemnul_altar_generic,
          uniq_jessica, uniq_sigmund
D:4:      layout_loops_cross, nicolae_overflow_hidden_temple,
          nicolae_overflow_crystal_walls, hangedman_decor_peaks_small
D:5:      layout_basic, chequers_temple_overflow_statue_of_worship,
          minmay_divided_ellipse
D:6:      cheibrodos_iron_armory, layout_loops_ring, old_standard_altar,
          lemuel_doored_altar, evilmike_ruin_ashenzari,
          nemelex_xobeh_ov_fountains_minmay
D:7:      layout_basic, minmay_temple_entry_butterflies, uniq_maggie
D:8:      layout_loops_ring, serial_shops, shop, kennysheep_path_1,
          skrybe_limestone_x, kennysheep_nondescript, grunt_ministairs_15,
          uniq_gastronok, uniq_joseph
D:9:      layout_gridville, kennysheep_mini_moat
D:10:     layout_roguey, erik_lair_island
D:11:     minmay_the_grid_octo_2x2 [minmay_the_grid_octo_teeth,
          minmay_the_grid_octo_odd_swirl, minmay_the_grid_octo_checkered,
          minmay_the_grid_octo_prize_big_c], layout_basic,
          hangedman_parallel_progression, uniq_snorg
Lair:1:   layout_loops_ring, patterned_corridor, grunt_megastairs_2,
          serial_bayou_shore_a

Skill      XL: |  1  2  3  4  5  6  7  8  9 10 11 |
---------------+----------------------------------+-----
Fighting       | 1 2 4 5 |  5.2
Armour         | 2 3 |  3.4
Shields        | 2 5 8 9 |  9.8
Evocations     | 6 |  6.0
Axes           | 2 9 11 | 11.8
Dodging        | |  1.7
Stealth        | |  1.7
Spellcasting   | |  2.0
Conjurations   | |  4.0

Action                   |  1- 3 |  4- 6 |  7- 9 | 10-12 || total
-------------------------+-------+-------+-------+-------++-------
Melee: Unarmed           |     4 |       |       |       ||     4
       Short sword       |     6 |   122 |   256 |   166 ||   550
       Kick              |       |    27 |    51 |    83 ||   161
       War axe           |       |       |     9 |   292 ||   301
       Headbutt          |       |       |       |     4 ||     4
 Cast: Magic Dart        |    93 |    25 |       |    20 ||   138
       Searing Ray       |     2 |     7 |    33 |    24 ||    66
Invok: Potion Petition   |       |       |     1 |     2 ||     3
Evoke: Wand              |       |       |     8 |    27 ||    35
  Use: Scroll            |       |       |    14 |     2 ||    16
       Potion            |       |       |       |    11 ||    11
 Stab: Sleeping          |       |       |     3 |       ||     3
       Distracted        |       |       |     2 |     2 ||     4
       Invisible         |       |       |       |    10 ||    10
Armor: Robe              |     3 |       |       |       ||     3
       Skin              |       |     2 |       |       ||     2
       Ring mail         |       |    28 |    82 |   171 ||   281
       Leather armour    |       |    14 |    35 |       ||    49
       Chain mail        |       |       |       |    44 ||    44
Dodge: Dodged            |    14 |    56 |   202 |   315 ||   587
Block: Kite shield       |       |    36 |   144 |   113 ||   293
       Buckler           |       |       |       |   105 ||   105
